 Dungeon Crawl Stone Soup version 0.22-a0-570-g58866f5 (webtiles) character file.

247 royokou the Firebug (level 6, -1/45 HPs)
             Began as a Hill Orc Fire Elementalist on July 1, 2018.
             Was an Initiate of Makhleb.
             Slain by an adder (5 damage)
             ... on level 4 of the Dungeon.
             The game lasted 00:16:56 (5161 turns).

royokou the Firebug (Hill Orc Fire Elementalist)    Turns: 5161, Time: 00:16:57

Health: -1/45      AC:  0    Str: 11    XL:     6   Next: 11%
Magic:  8/10       EV: 14    Int: 17    God:    Makhleb [......]
Gold:   218        SH:  0    Dex: 11    Spells: 3/11 levels left

rFire    . . .     SeeInvis .   h - +0 dagger
rCold    . . .     Gourm    .   (no shield)
rNeg     . . .     Faith    .   (no armour)
rPois    .         Spirit   .   (no helmet)
rElec    .         Reflect  .   (no cloak)
rCorr    .         Harm     .   (no gloves)
MR       .....                  (no boots)
Stlth    ++........             (no amulet)
HPRegen  0.15/turn              m - ring of wizardry
MPRegen  0.12/turn              j - +2 ring of evasion

@: very slightly contaminated
A: no striking features
a: Renounce Religion


You were on level 4 of the Dungeon.
You worshipped Makhleb.
Makhleb was noncommittal.
You were not hungry.

You visited 1 branch of the dungeon, and saw 4 of its levels.

You collected 218 gold pieces.

Inventory:

Hand Weapons
 h - a +0 dagger (weapon)
Armour
 p - a +2 chain mail of magic resistance
Jewellery
 j - a +2 ring of evasion (right hand)
 m - a ring of wizardry (left hand)
Wands
 o - a wand of random effects (22)
Scrolls
 b - a scroll of fog
 g - a scroll of identify
 l - a scroll of remove curse
Potions
 f - 4 potions of brilliance
 i - a potion of flight
 k - a potion of ambrosia {unknown}
 n - a potion of berserk rage {unknown}
Comestibles
 c - 4 rations


   Skills:
 - Level 1.5 Dodging
 - Level 1.5 Stealth
 + Level 3.1 Spellcasting
 + Level 2.8 Conjurations
 + Level 5.2 Fire Magic


You had 3 spell levels left.
You knew the following spells:

 Your Spells              Type           Power        Failure   Level  Hunger
a - Flame Tongue          Conj/Fire      ###..        1%          1    None
b - Conjure Flame         Conj/Fire      ###.....     4%          3    ###....
c - Sticky Flame          Conj/Fire      ###.....     13%         4    ####...

Your spell library contained the following spells:

 Spells                   Type           Power        Failure   Level  Hunger
 Fireball                 Conj/Fire      ###.......   34%         5    ######.
 Throw Flame              Conj/Fire      ###...       1%          2    ##.....
 Inner Flame              Hex/Fire       ##......     8%          3    ###....


Dungeon Overview and Level Annotations

Branches:
Dungeon (4/15)
 Temple: D:4-7

Altars:
Elyvilon
Makhleb
Qazlal


Message History

Okay, then.
Blink to where?
Press: ? - help, Dir - move target cursor, p - scorpion
As you read the scroll of blinking, it crumbles to dust.
You feel sick.
You feel sick.
You feel sick.
As you read the scroll of fog, it crumbles to dust.
The scroll dissolves into smoke.
You feel sick.
An adder comes into view.
You feel sick.
You are no longer poisoned.
The adder hisses angrily.
The adder closely misses you. The adder closely misses you.
The adder closely misses you.
You see here a rapier.
The adder bites you.
You die...

♣♣♣ ###♣♣ ♣♣♣.♣♣♣ ♣#####
....♣♣ ♣♣.....♣♣ ♣♣.....#
..%..♣♣♣...(...♣♣♣.......##
≈≈≈...♣...≈≈≈...♣...≈≈≈...#
§≈≈≈.....≈≈≈≈≈.....≈≈≈≈≈..##
≈♣≈≈.....≈≈_≈≈.....≈≈♣≈≈....
≈≈≈≈.....≈≈≈≈≈.S@..≈≈≈≈≈....
≈≈≈...♣..s≈≈≈...♣...≈≈≈.....
.s...♣♣♣.......♣♣♣............
....♣♣ ♣♣...).♣♣ ♣♣...........
###♣♣ ♣♣♣.♣♣♣ ♣♣..##...... ♣♣♣
#..# ..... ##### ##.# ..)...
....### ### #.##......
###s>.####.# #.........


You could see a scorpion and an adder.

Vanquished Creatures
  A hound (D:3)
  Jessica (D:3)
  Ijyb (D:3)
  A worker ant (D:4)
  2 adders (D:2)
  4 gnolls (D:3)
  2 oozes (D:1)
  3 dart slugs
  2 leopard geckos
  An orc (D:3)
  2 ball pythons (D:1)
  11 bats
  7 giant cockroaches
  9 goblins
  5 hobgoblins
  4 jackals (D:2)
  7 kobolds
  5 frilled lizards
  9 rats
77 creatures vanquished.

Vanquished Creatures (others)
  A fungus (D:4)
1 creature vanquished.

Grand Total: 78 creatures vanquished

Notes
Turn   | Place    | Note
-------+----------+-------------------------------------------
     0 | D:1      | royokou the Hill Orc Fire Elementalist began the quest for the Orb.
     0 | D:1      | Reached XP level 1. HP: 14/14 MP: 3/3
    54 | D:1      | Reached XP level 2. HP: 14/20 MP: 0/4
   435 | D:1      | Reached XP level 3. HP: 19/26 MP: 1/6
   443 | D:1      | Reached skill level 4 in Fire Magic
   802 | D:1      | Learned a level 3 spell: Conjure Flame
  1437 | D:2      | Reached XP level 4. HP: 15/33 MP: 2/7
  2142 | D:2      | Found a burning altar of Makhleb.
  2154 | D:2      | Became a worshipper of Makhleb the Destroyer
  2584 | D:2      | Found a stormy altar of Qazlal.
  3080 | D:3      | Reached XP level 5. HP: 35/38 MP: 4/9
  4017 | D:3      | Noticed Jessica
  4022 | D:3      | Killed Jessica
  4022 | D:3      | Reached skill level 5 in Fire Magic
  4179 | D:3      | Noticed Ijyb
  4240 | D:3      | Killed Ijyb
  4240 | D:3      | Reached XP level 6. HP: 35/45 MP: 7/10
  4324 | D:3      | Learned a level 4 spell: Sticky Flame
  4858 | D:4      | Found a white marble altar of Elyvilon.
  5147 | D:4      | HP: 2/45 [poisoned by a scorpion]
  5161 | D:4      | Slain by an adder

Vault maps used:
D:1:      scummos_arrival_simple_fountains, minmay_distorted
D:2:      nicolae_qazlal_eye_of_the_storm, lemuel_round_altar, moated_statue
D:3:      uniq_jessica, uniq_ijyb
D:4:      nicolae_overflow_crystal_walls, elyvilon_altar_3, serial_aquarium,
          aquarium_bridge_square, aquarium_bridge_long_separate,
          aquarium_window_corridor_3, aquarium_window_1, aquarium_view_2c,
          aquarium_pool_four, first_ration

Skill      XL: |  1  2  3  4  5 |
---------------+----------------+-----
Spellcasting   | 2 3 |  3.1
Fire Magic     | 4 5 |  5.2
Conjurations   | 2 |  2.8
Dodging        | |  1.5
Stealth        | |  1.5

Action                   |  1- 3 |  4- 6 || total
-------------------------+-------+-------++-------
Melee: Unarmed           |    58 |       ||    58
       Dagger            |    11 |   100 ||   111
 Cast: Flame Tongue      |    48 |    85 ||   133
  Use: Scroll            |       |    11 ||    11
       Potion            |       |     6 ||     6
  Eat: Chunk             |     2 |     9 ||    11
       Ration            |       |     1 ||     1
Armor: Robe              |     3 |       ||     3
       Ring mail         |    25 |    50 ||    75
       Chain mail        |       |    14 ||    14
Dodge: Dodged            |    51 |    66 ||   117

Table legend:
 A = Spawn XP
 B = Non-spawn XP
 C = Spawn XP percentage of total XP
 D = Spawn monster count
 E = Non-spawn monster count
 F = Spawn count percentage of total count
 G = Total turns spent on level
                    A         B        C        D         E        F      G
               +---------+---------+-------+---------+---------+-------+---------
         Total |       0 |     354 |   0.0 |       0 |      77 |   0.0 |  5161
               +---------+---------+-------+---------+---------+-------+---------
           D:1 |       0 |      72 |   0.0 |       0 |      34 |   0.0 |  1393
           D:2 |       0 |      66 |   0.0 |       0 |      24 |   0.0 |  1572
           D:3 |       0 |     183 |   0.0 |       0 |      18 |   0.0 |  2016
           D:4 |       0 |      33 |   0.0 |       0 |       1 |   0.0 |   180
               +---------+---------+-------+---------+---------+-------+---------
